 Dungeon Crawl Stone Soup version 0.28-a0-1002-gf00fe891ef (webtiles) character file.

Game seed: 1263102572013271048

18 Umoon the Ducker (level 2, 0/23 HPs)
             Began as a Demonspawn Gladiator on Dec 6, 2021.
             Slain by a worm (3 damage)
             ... on level 2 of the Dungeon.
             The game lasted 00:00:47 (1517 turns).

Umoon the Ducker (Demonspawn Gladiator)             Turns: 1517, Time: 00:00:48

Health: 0/23       AC:  4    Str: 14    XL:     2   Next: 48%
Magic:  2/2        EV: 12    Int:  9    God:
Gold:   46         SH:  0    Dex: 14    Spells: 1/1 levels left

rFire   . . .      SeeInvis .   a - +0 rapier
rCold   . . .      Faith    .   (no shield)
rNeg    . . .      Spirit   .   b - +0 leather armour
rPois   .          Reflect  .   c - +0 helmet
rElec   .          Harm     .   (no cloak)
rCorr   .          Rampage  .   (no gloves)
Will    .....                   (no boots)
Stlth   +.........              (no amulet)
HPRegen 0.07/turn               (no ring)
MPRegen 0.16/turn               (no ring)

@: no status effects
A: magic regeneration
a: no special abilities


You were on level 2 of the Dungeon.
You visited 1 branch of the dungeon, and saw 2 of its levels.

You collected 46 gold pieces.

Inventory:

Hand Weapons
 a - a +0 rapier (weapon)
Missiles
 d - 3 throwing nets (quivered)
Armour
 b - a +0 leather armour (worn)
 c - a +0 helmet (worn)
Scrolls
 e - a scroll of identify {unknown}
 f - a scroll of teleportation {unknown}
 h - a scroll of enchant armour {unknown}
Potions
 g - a potion of attraction {unknown}
 i - a potion of haste {unknown}


   Skills:
 + Level 2.4 Fighting
 - Level 2.6 Short Blades
 - Level 1.7 Throwing
 + Level 1.0 Armour
 + Level 3.0 Dodging


You had one spell level left.
You didn't know any spells.
Your spell library was empty.

Dungeon Overview and Level Annotations

Branches:
Dungeon (2/15)

Altars:


Innate Abilities, Weirdness & Mutations

You regenerate magic rapidly.


Message History

You are too injured to fight recklessly!
You are too injured to fight recklessly!
You are too injured to fight recklessly!
You are too injured to fight recklessly!
You are too injured to fight recklessly!
You are too injured to fight recklessly!
You are too injured to fight recklessly!
You are too injured to fight recklessly!
You are too injured to fight recklessly!
You are too injured to fight recklessly!
You are too injured to fight recklessly!
You are too injured to fight recklessly!
You are too injured to fight recklessly!
You are too injured to fight recklessly!
You are too injured to fight recklessly!
You are too injured to fight recklessly!
You are too injured to fight recklessly!
You are too injured to fight recklessly!
You hit the worm.
The worm is heavily wounded.
You hit the worm.
The worm is severely wounded.
The worm misses you.
You completely miss the worm.
The worm is severely wounded.
The worm barely misses you.
You hit the worm.
The worm is severely wounded.
You hit the worm but do no damage.
The worm is severely wounded.
The worm closely misses you.
You hit the worm but do no damage.
The worm is severely wounded.
The worm closely misses you.
You hit the worm but do no damage.
The worm is severely wounded.
You hit the worm.
The worm is severely wounded.
The worm bites you.
You die...

#### ...#
######...#
#....#...#
#?...#...#
##....#...#
#.....w...#
##.....@.#
##......###
##.....<...#
...........#
...........#
...........#
...........#
...........#
##<........#


You could see a worm.

Vanquished Creatures
  A dart slug (D:1)
  A bat (D:2)
  An endoplasm (D:1)
  2 goblins (D:1)
  A hobgoblin (D:1)
  3 kobolds (D:1)
  3 ball pythons (D:1)
  3 rats (D:1)
15 creatures vanquished.

Notes
Turn   | Place    | Note
-------+----------+-------------------------------------------
     0 | D:1      | Umoon the Demonspawn Gladiator began the quest for the Orb.
     0 | D:1      | Reached XP level 1. HP: 16/16 MP: 1/1
   249 | D:1      | Found a faded altar of an unknown god.
   637 | D:1      | Gained mutation: You regenerate magic rapidly. [demonic
                  | ancestry]
   637 | D:1      | Reached XP level 2. HP: 22/22 MP: 2/2
  1239 | D:1      | Reached skill level 3 in Dodging
  1348 | D:1      | Reached skill level 1 in Armour
  1517 | D:2      | Slain by a worm

Illustrated notes

Levels and vault maps discovered:
D:1:      giann_horns, layout_basic, hellmonk_ecumenical_altar_blasted
D:2:      layout_basic, uniq_crazy_yiuf_cottage

Skill      XL: |  1  2 |
---------------+-------+-----
Dodging        | 3 |  3.0
Armour         | 1 |  1.0
Fighting       | |  2.4
Short Blades   | |  2.6
Throwing       | |  1.7

Action                   || total
-------------------------++-------
Melee: Rapier            ||    60
Armor: Leather armour    ||    11
Dodge: Dodged            ||    25

Table legend: (Time is in decaauts)
 A = Elapsed time spent in this place.
 B = Non-inter-level travel time spent in this place.
 C = Inter-level travel time spent in this place.
 D = Time resting spent in this place.
 E = Time spent auto-exploring this place.
 F = Levels seen in this place.
 G = Mean time per level.
                   A        B        C        D        E       F      G
               +--------+--------+--------+--------+--------+-----+--------+
         Total |   1520 |   1507 |     13 |    291 |   1087 |   2 |  760.0 |
       Dungeon |   1520 |   1507 |     13 |    291 |   1087 |   2 |  760.0 |
               +--------+--------+--------+--------+--------+-----+--------+

Top non-repeatable levels by time:
     D:1: 1503 daAuts
     D:2: 16 daAuts
